 Dungeon Crawl Stone Soup version 0.29.1-15-g9cfb28693d (webtiles) character file.

Game seed: 863686076023455935

537 LustLizard the Sneak (level 7, 0/42 HPs)
             Began as a Kobold Brigand on Mar 31, 2023.
             Slain by a gnoll
             ... wielding the +8 spear of the Thieving Gods {venom, *Rage *Noise rElec Will+++}
              (23 damage)
             ... on level 5 of the Dungeon.
             The game lasted 00:08:14 (5521 turns).

LustLizard the Sneak (Kobold Brigand)               Turns: 5521, Time: 00:08:15

Health: 0/42       AC:  3    Str:  8    XL:     7   Next: 50%
Magic:  7/7        EV: 16    Int: 12    God:
Gold:   189        SH:  0    Dex: 19    Spells: 6/6 levels left

rFire   . . .      SeeInvis .   a - +2 dagger
rCold   . . .      Faith    .   (no shield)
rNeg    . . .      Spirit   .   b - +0 robe
rPois   .          Reflect  .   (no helmet)
rElec   .          Harm     .   c - +0 cloak
rCorr   .          Rampage  .   (no gloves)
Will    .....                   (no boots)
Stlth   +++++.....              (no amulet)
HPRegen 0.14/turn               g - +4 ring of slaying
MPRegen 0.10/turn               (no ring)

@: lethally poisoned (0 -> -16)
A: small, no large weapons, nightstalker 3
a: no special abilities


You were on level 5 of the Dungeon.
You visited 1 branch of the dungeon, and saw 5 of its levels.

You collected 189 gold pieces.

Inventory:

Hand Weapons
 a - a +2 dagger (weapon)
 l - a +0 short sword
Missiles
 d - 10 poisoned darts (quivered)
 e - 3 curare-tipped darts
 m - 31 stones
 B - a throwing net
Armour
 b - a +0 robe (worn)
 c - a +0 cloak (worn)
Jewellery
 g - a +4 ring of slaying (left hand)
 A - a ring of wizardry
Scrolls
 f - a scroll of teleportation
 h - a scroll of immolation {unknown}
 i - 2 scrolls of poison {unknown}
 k - 3 scrolls of identify
 n - 3 scrolls of enchant weapon {unknown}
 q - 2 scrolls of amnesia {unknown}
 r - a scroll of butterflies {unknown}
 v - 2 scrolls of noise {unknown}
 w - a scroll of silence {unknown}
 x - a scroll of blinking {unknown}
 y - a scroll of magic mapping {unknown}
Potions
 j - 2 potions of might
 o - 3 potions of lignification
 p - 2 potions of heal wounds
 s - a potion of attraction
 t - a potion of curing
 u - a potion of flight
 z - a potion of cancellation {unknown}


   Skills:
 + Level 3.8 Fighting
 * Level 6.3 Short Blades
 + Level 3.9 Throwing
 + Level 3.6 Dodging
 + Level 6.8 Stealth


You had 6 spell levels left.
You didn't know any spells.
Your spell library contained the following spells:

 Spells                   Type           Power      Damage    Failure   Level
 Gell's Gravitas          Tloc           0%         N/A       69%         3
 Lesser Beckoning         Tloc           0%         N/A       69%         3
 Teleport Other           Tloc           0%         N/A       69%         3


Dungeon Overview and Level Annotations

Branches:
Dungeon (5/15)
 Temple: D:4-7

Altars:

Shops:
D:1 =   D:4 (

Annotations:
D:5 1 transporter


Innate Abilities, Weirdness & Mutations

You are small and have problems with some larger weapons.
You are completely attuned to the shadows.


Message History

The gnoll is lightly wounded.
The gnoll hits you with a +0 flail.
You hit the gnoll.
The gnoll is severely wounded.
You puncture the gnoll!
You kill the gnoll!
Items here: ))) †.
HP restored.
Things that are here:
a +0 flail; an orc skeleton
m - 31 stones (gained 2);
A - a ring of wizardry
k - 3 scrolls of identify (gained 1)
You now have 171 gold pieces (gained 28).
You see here a +0 war axe.
n - 2 scrolls labelled CUCORR XULOR (gained 1)
You now have 189 gold pieces (gained 18).
Things that are here:
a +0 halberd; a gnoll corpse
B - a throwing net
n - 3 scrolls labelled CUCORR XULOR (gained 1)
Things that are here:
a +0 halberd; a gnoll corpse An orc is nearby!
Found a transporter.
Things that are here:
a +0 halberd; a gnoll corpse You start waiting.
A gnoll is nearby!
The gnoll shouts!
Things that are here:
a +0 flail; an orc skeleton
Items here: ))) †.
The gnoll goes berserk!
The gnoll hits you with the +8 spear of the Thieving Gods {venom, *Rage *Noise rElec Will+++}!
You are poisoned.
You hit the gnoll but do no damage.
You feel very sick.
The gnoll hits you with the +8 spear of the Thieving Gods {venom, *Rage *Noise rElec Will+++}!!
Ouch! That really hurt!
You die...

.......## ###
........#####.####
.................##
#.............)...#
#............##...
#...##...)...###..
##..######...####.
#..## ###..####
##@## ##..# # ##g##
##.## ##.## #..##
###.## ##... ##..##
#... #...# #...
#..## .o.. #..#
.... #.)#


You could see a gnoll (berserk).

Vanquished Creatures
  2 ogres (D:5)
  A scorpion (D:4)
  2 orc priests (D:5)
  An iguana (D:5)
  3 orc wizards
  6 gnolls (D:5)
  A shadow imp (D:5)
  A worm (D:3)
  A dart slug (D:4)
  12 orcs
  2 ball pythons
  6 bats
  10 endoplasms
  7 goblins
  5 hobgoblins
  4 frilled lizards
  6 kobolds
  3 rats (D:1)
73 creatures vanquished.

Notes
Turn   | Place    | Note
-------+----------+-------------------------------------------
     0 | D:1      | LustLizard the Kobold Brigand began the quest for the Orb.
     0 | D:1      | Reached XP level 1. HP: 12/12 MP: 1/1
   327 | D:1      | Reached XP level 2. HP: 17/17 MP: 2/2
   449 | D:1      | Found Pahori Ruge's One-of-a-Kind Rings.
   726 | D:1      | Reached XP level 3. HP: 20/22 MP: 3/3
  1651 | D:2      | Noticed a shining eye
  1652 | D:2      | Found a faded altar of an unknown god.
  1652 | D:2      | Noticed an eye of devastation
  1655 | D:2      | Noticed a shining eye
  1655 | D:2      | Noticed a golden eye
  3279 | D:3      | Reached XP level 4. HP: 22/27 MP: 4/4
  3585 | D:4      | Noticed a scorpion
  3592 | D:4      | Killed a scorpion
  3593 | D:4      | Reached XP level 5. HP: 32/32 MP: 5/5
  3842 | D:4      | Found Panyrr's Firing Range.
  4174 | D:5      | Entered Level 5 of the Dungeon
  4174 | D:5      | Noticed an ogre
  4176 | D:5      | Killed an ogre
  4177 | D:5      | Reached skill level 5 in Short Blades
  4177 | D:5      | Reached XP level 6. HP: 37/37 MP: 6/6
  4186 | D:5      | Noticed an ogre
  4201 | D:5      | Killed an ogre
  4277 | D:5      | Reached XP level 7. HP: 13/41 MP: 7/7
  4778 | D:5      | Identified the +8 spear of the Thieving Gods {venom, *Rage
                  | *Noise rElec Will+++}
  5458 | D:5      | Found a transporter.
  5521 | D:5      | Slain by a gnoll

Illustrated notes

Levels and vault maps discovered:
D:1:      saegor_arrival_simple_d, layout_rooms, nicolae_shop_unique_rings
D:2:      layout_loops_corners, hellmonk_ecumenical_altar_watching_god
D:3:      layout_loops_cross, minmay_misc_feat_secret_circle
D:4:      layout_loops_cross, nicolae_shop_firing_range
D:5:      layout_layer_cave, gammafunk_temple_of_torment,
          minmay_temple_entry_offerings

Skill      XL: |  1  2  3  4  5  6  7 |
---------------+----------------------+-----
Short Blades   | 3 4 5 6 |  6.3
Dodging        | 2 3 |  3.6
Throwing       | 3 |  3.9
Fighting       | 3 |  3.8
Stealth        | 6 |  6.8

Action                   |  1- 3 |  4- 6 |  7- 9 || total
-------------------------+-------+-------+-------++-------
Melee: Dagger            |    73 |    52 |    36 ||   161
       Short sword       |    11 |       |       ||    11
       Punch             |       |     2 |     1 ||     3
Throw: Dart              |     6 |    12 |       ||    18
       Stone             |     6 |       |       ||     6
  Use: Scroll            |     3 |     4 |       ||     7
       Potion            |     1 |       |       ||     1
 Stab: Sleeping          |    19 |     7 |     1 ||    27
       Distracted        |       |     2 |     2 ||     4
Armor: Robe              |    12 |     6 |     1 ||    19
Dodge: Dodged            |    58 |    21 |    13 ||    92
